NWL (28 & UNDER)
RIVERSIDE RED BULLS @ BISMARK BORDER GUARDS
09/12/2026
 
TOP OF THE 1ST
Riverside Red Bulls batting - Pitching for Bismark Border Guards : RHP Júlio Quintana
Pitching: RHP Júlio Quintana
Batting: RHB Tom Howe 0-0: Ball
1-0: SOLO HOME RUN (Flyball, 7D), Distance : 363 ft
Batting: RHB Kevin Brown 0-0: Ball
1-0: Ball
2-0: Called Strike
2-1: Ball
3-1: Swinging Strike
3-2: Strikes out looking
Batting: LHB Paco Rivera 0-0: Ball
1-0: Fly out, F7 (Flyball, 78M)
Batting: RHB Earnest Finnegan 0-0: Ball
1-0: Ball
2-0: Ball
3-0: Called Strike
3-1: Foul Ball, location: 2F
3-2: Strikes out swinging
Top of the 1st over - 1 run(s), 1 hit(s), 0 error(s), 0 left on base; Riverside 1 - Bismark 0
BOTTOM OF THE 1ST
Bismark Border Guards batting - Pitching for Riverside Red Bulls : RHP Emery Graham
Pitching: RHP Emery Graham
Batting: SHB Vicente Pagán 0-0: Ball
1-0: Ball
2-0: Foul Ball, location: 2F
2-1: Foul Ball, location: 2F
2-2: Foul Ball, location: 2F
2-2: Ball
3-2: Ground out 6-3 (Groundball, 6)
Batting: RHB Danny Spode 0-0: Swinging Strike
0-1: Ball
1-1: Ground out 6-3 (Groundball, 6)
Batting: RHB Enrico Rodríguez 0-0: Ball
1-0: Ball
2-0: Called Strike
2-1: Ball
3-1: Base on Balls
Batting: RHB Mike Wright 0-0: Ball
1-0: Foul Ball, location: 2F
1-1: Fielders Choice at 2nd, U4 (Groundball, 4M)
Bottom of the 1st over - 0 run(s), 0 hit(s), 0 error(s), 1 left on base; Riverside 1 - Bismark 0
TOP OF THE 2ND
Riverside Red Bulls batting - Pitching for Bismark Border Guards : RHP Júlio Quintana
Batting: RHB Jesús Naút 0-0: SINGLE (Line Drive, 4M)
Batting: RHB Kelly Jones 0-0: Ball
1-0: Foul Ball, location: 2F
1-1: Ball
2-1: Foul Ball, location: 2F
2-2: Foul Ball, location: 2F
2-2: Foul Ball, location: 2F
2-2: Ball
3-2: Foul Ball, location: 2F
3-2: Base on Balls
Jesús Naút to second
Batting: RHB Fernando Gálvez 0-0: Swinging Strike
0-1: Swinging Strike
0-2: Strikes out swinging
Batting: LHB Mike Petersen 0-0: Called Strike
0-1: Grounds into double play, 5-4-3 (Groundball, 56)
Top of the 2nd over - 0 run(s), 1 hit(s), 0 error(s), 1 left on base; Riverside 1 - Bismark 0
BOTTOM OF THE 2ND
Bismark Border Guards batting - Pitching for Riverside Red Bulls : RHP Emery Graham
Batting: RHB Doug Williams 0-0: Ball
1-0: Ball
2-0: Ball
3-0: Base on Balls
Batting: RHB Trent Rasmussen 0-0: Ball
1-0: Foul Ball, location: 2F
1-1: Called Strike
1-2: Foul Ball, location: 2F
1-2: Ball
2-2: Strikes out looking
Batting: RHB Alejandro Ramos 0-0: Called Strike
0-1: Ball
1-1: Called Strike
1-2: Foul Ball, location: 2F
1-2: Ball
Doug Williams is caught stealing 2nd base
2-2: Ball
3-2: Foul Ball, location: 2F
3-2: Fly out, F7 (Flyball, 7LM)
Bottom of the 2nd over - 0 run(s), 0 hit(s), 0 error(s), 0 left on base; Riverside 1 - Bismark 0
TOP OF THE 3RD
Riverside Red Bulls batting - Pitching for Bismark Border Guards : RHP Júlio Quintana
Batting: RHB Brandon Pope 0-0: Called Strike
0-1: Foul Ball, location: 2F
0-2: Ball
1-2: Ball
2-2: Fly out, F8 (Line Drive, 8RM)
Batting: RHB Tom Howe 0-0: Ball
1-0: Ball
2-0: SINGLE (Groundball, 6)
Batting: RHB Kevin Brown 0-0: Ball
1-0: Ball
2-0: Ball
Wild Pitch!
Tom Howe to second
3-0: Base on Balls
Batting: LHB Paco Rivera 0-0: Ball
1-0: Called Strike
Tom Howe steals 3rd base
Kevin Brown to second
1-1: Foul Ball, location: 2F
1-2: Ball
2-2: Ball
3-2: Foul Ball, location: 2F
3-2: SINGLE (Groundball, 3D)
Tom Howe scores
Kevin Brown to third
Runner from 3rd tries for Home, SAFE, no throw or cutoff
Batting: RHB Earnest Finnegan 0-0: Ball
1-0: Called Strike
1-1: Ball
2-1: Foul Ball, location: 2F
2-2: Strikes out swinging
Batting: RHB Jesús Naút 0-0: Ground out 6-3 (Groundball, 56)
Top of the 3rd over - 2 run(s), 2 hit(s), 0 error(s), 1 left on base; Riverside 3 - Bismark 0
BOTTOM OF THE 3RD
Bismark Border Guards batting - Pitching for Riverside Red Bulls : RHP Emery Graham
Batting: RHB Reynaldo Slomp 0-0: Called Strike
0-1: Ball
1-1: Ball
2-1: Ball
3-1: Base on Balls
Batting: RHB Jorge Montoya 0-0: Ball
1-0: Called Strike
1-1: SINGLE (Line Drive, 8LS)
Reynaldo Slomp to second
Batting: SHB Vicente Pagán 0-0: Fly out, F3 (Line Drive, 3)
Batting: RHB Danny Spode 0-0: Called Strike
0-1: Called Strike
0-2: Ball
1-2: Strikes out swinging
Batting: RHB Enrico Rodríguez 0-0: Ball
1-0: Swinging Strike
1-1: Ball
2-1: Ball
3-1: Base on Balls
Reynaldo Slomp to third
Jorge Montoya to second
Batting: RHB Mike Wright 0-0: Ball
1-0: Foul Ball, location: 2F
1-1: Called Strike
1-2: Ball
2-2: Ball
3-2: Foul Ball, location: 2F
3-2: Base on Balls
Reynaldo Slomp scores
Jorge Montoya to third
Enrico Rodríguez to second
Batting: RHB Doug Williams 0-0: Ball
1-0: Ball
2-0: Ball
3-0: Base on Balls
Jorge Montoya scores
Enrico Rodríguez to third
Mike Wright to second
Batting: RHB Trent Rasmussen 0-0: Called Strike
0-1: Called Strike
0-2: Fielders Choice at 2nd, 6-4 (Groundball, 6MS)
Bottom of the 3rd over - 2 run(s), 1 hit(s), 0 error(s), 2 left on base; Riverside 3 - Bismark 2
TOP OF THE 4TH
Riverside Red Bulls batting - Pitching for Bismark Border Guards : RHP Júlio Quintana
Batting: RHB Kelly Jones 0-0: Ball
1-0: Ball
2-0: Ball
3-0: Called Strike
3-1: Fly out, F9 (Flyball, 9M)
Batting: RHB Fernando Gálvez 0-0: Called Strike
0-1: Foul Ball, location: 2F
0-2: Foul Ball, location: 2F
0-2: Fly out, F9 (Flyball, 9M)
Batting: LHB Mike Petersen 0-0: Ball
1-0: Ball
2-0: Ball
3-0: Called Strike
3-1: Fly out, F8 (Flyball, 8RM)
Top of the 4th over - 0 run(s), 0 hit(s), 0 error(s), 0 left on base; Riverside 3 - Bismark 2
BOTTOM OF THE 4TH
Bismark Border Guards batting - Pitching for Riverside Red Bulls : RHP Emery Graham
Batting: RHB Alejandro Ramos 0-0: Swinging Strike
0-1: Ball
1-1: Called Strike
1-2: Ground out 4-3 (Groundball, 34)
Batting: RHB Reynaldo Slomp 0-0: Ball
1-0: Ground out 1-3 (Groundball, 15)
Batting: RHB Jorge Montoya Single, Error in OF, E8, batter to second base
Batting: SHB Vicente Pagán 0-0: Ball
1-0: SINGLE (Line Drive, 9LS)
Jorge Montoya to third
Runner from 3rd tries for Home, SAFE, throw made home
Vicente Pagán to second
Batting: RHB Danny Spode 0-0: Called Strike
0-1: Swinging Strike
0-2: Foul Ball, location: 2F
0-2: Ball
1-2: Ball
2-2: Ball
3-2: Foul Ball, location: 2F
3-2: Foul Ball, location: 2F
3-2: Strikes out swinging
Bottom of the 4th over - 1 run(s), 2 hit(s), 1 error(s), 1 left on base; Riverside 3 - Bismark 3
TOP OF THE 5TH
Riverside Red Bulls batting - Pitching for Bismark Border Guards : RHP Júlio Quintana
Batting: RHB Brandon Pope 0-0: Ball
1-0: Swinging Strike
1-1: Swinging Strike
1-2: Strikes out swinging
Batting: RHB Tom Howe 0-0: Called Strike
0-1: Called Strike
0-2: Strikes out swinging
Batting: RHB Kevin Brown 0-0: Called Strike
0-1: Ball
1-1: Foul Ball, location: 2F
1-2: DOUBLE (Line Drive, 8LM)
Batting: LHB Paco Rivera 0-0: Intentional Walk
Pitching: RHP Bartolo Rivera
Batting: RHB Earnest Finnegan 0-0: Swinging Strike
0-1: Ball
1-1: Fielders Choice at 2nd, 5-4 (Groundball, 56)
Top of the 5th over - 0 run(s), 1 hit(s), 0 error(s), 1 left on base; Riverside 3 - Bismark 3
BOTTOM OF THE 5TH
Bismark Border Guards batting - Pitching for Riverside Red Bulls : RHP Emery Graham
Pitching: RHP Omar Camacho
Batting: RHB Enrico Rodríguez 0-0: Ground out 6-3 (Groundball, 6M)
Batting: RHB Mike Wright 0-0: SINGLE (Groundball, 6MD)
Batting: RHB Doug Williams 0-0: SINGLE (Groundball, 6MD)
Mike Wright to second
Batting: RHB Trent Rasmussen 0-0: Called Strike
0-1: Ball
1-1: Ground out 5-3 (Groundball, 5S)
Mike Wright to third
Doug Williams to second
Batting: RHB Alejandro Ramos 0-0: Foul Ball, location: 2F
0-1: Foul Ball, location: 2F
0-2: Strikes out swinging
Bottom of the 5th over - 0 run(s), 2 hit(s), 0 error(s), 2 left on base; Riverside 3 - Bismark 3
TOP OF THE 6TH
Riverside Red Bulls batting - Pitching for Bismark Border Guards : RHP Bartolo Rivera
Batting: RHB Jesús Naút 0-0: Fly out, F9 (Flyball, 9M)
Batting: RHB Kelly Jones 0-0: Ball
1-0: Called Strike
1-1: Fly out, F8 (Flyball, 8LM)
Batting: RHB Fernando Gálvez 0-0: Ball
1-0: Ball
2-0: Called Strike
2-1: Ball
3-1: Called Strike
3-2: Base on Balls
Batting: LHB Mike Petersen 0-0: Swinging Strike
0-1: Fly out, F7 (Line Drive, 78M)
Top of the 6th over - 0 run(s), 0 hit(s), 0 error(s), 1 left on base; Riverside 3 - Bismark 3
BOTTOM OF THE 6TH
Bismark Border Guards batting - Pitching for Riverside Red Bulls : RHP Omar Camacho
Batting: RHB Reynaldo Slomp 0-0: Ball
1-0: Foul Ball, location: 2F
1-1: Ball
2-1: Called Strike
2-2: Ball
3-2: Base on Balls
Batting: RHB Jorge Montoya 0-0: Called Strike
0-1: Ball
1-1: Swinging Strike
1-2: Strikes out swinging
Batting: SHB Vicente Pagán 0-0: Ball
1-0: DOUBLE (Flyball, 7LS)
Reynaldo Slomp to third
Batting: RHB Danny Spode 0-0: Ball
1-0: Ball
2-0: Called Strike
2-1: Ball
3-1: Foul Ball, location: 2F
3-2: Ground out 6-3 (Groundball, 6)
Batting: RHB Enrico Rodríguez 0-0: Called Strike
0-1: Ball
1-1: Ball
2-1: Foul Ball, location: 2F
2-2: Foul Ball, location: 2F
2-2: Foul Ball, location: 2F
2-2: SINGLE (Groundball, 4MD)
Reynaldo Slomp scores
Vicente Pagán to third
Runner from 3rd tries for Home, SAFE, no throw or cutoff
Batting: RHB Mike Wright 0-0: Foul Ball, location: 2F
0-1: Ball
1-1: Ball
2-1: Ball
3-1: Base on Balls
Enrico Rodríguez to second
Batting: RHB Doug Williams 0-0: Ball
1-0: Ball
2-0: Ball
3-0: Called Strike
3-1: Fly out, F9 (Flyball, 89D)
Bottom of the 6th over - 2 run(s), 2 hit(s), 0 error(s), 2 left on base; Riverside 3 - Bismark 5
TOP OF THE 7TH
Riverside Red Bulls batting - Pitching for Bismark Border Guards : RHP Bartolo Rivera
Batting: RHB Brandon Pope 0-0: Foul Ball, location: 2F
0-1: Ball
1-1: Ball
2-1: Ball
3-1: Swinging Strike
3-2: Base on Balls
Batting: RHB Tom Howe 0-0: Swinging Strike
0-1: Foul Ball, location: 2F
0-2: Ball
1-2: Strikes out swinging
Batting: RHB Kevin Brown 0-0: Ball
1-0: Foul Ball, location: 2F
1-1: Called Strike
1-2: Strikes out swinging
Batting: LHB Paco Rivera 0-0: Ball
1-0: Called Strike
1-1: Foul Ball, location: 2F
1-2: Foul Ball, location: 2F
1-2: Ball
2-2: Ball
3-2: Fly out, F7 (Line Drive, 7LD)
Top of the 7th over - 0 run(s), 0 hit(s), 0 error(s), 1 left on base; Riverside 3 - Bismark 5
BOTTOM OF THE 7TH
Bismark Border Guards batting - Pitching for Riverside Red Bulls : RHP Omar Camacho
Pitching: RHP José López
Batting: RHB Trent Rasmussen 0-0: Ball
1-0: Ball
2-0: Ball
3-0: Base on Balls
Batting: RHB Alejandro Ramos 0-0: Called Strike
0-1: Ball
1-1: Called Strike
1-2: Ball
2-2: Fly out, F7 (Flyball, 7D)
Batting: RHB Reynaldo Slomp 0-0: Called Strike
0-1: Swinging Strike
0-2: Ball
1-2: Ball
2-2: Strikes out swinging
Batting: RHB Jorge Montoya 0-0: Swinging Strike
0-1: Swinging Strike
0-2: Strikes out swinging
Bottom of the 7th over - 0 run(s), 0 hit(s), 0 error(s), 1 left on base; Riverside 3 - Bismark 5
TOP OF THE 8TH
Riverside Red Bulls batting - Pitching for Bismark Border Guards : RHP Bartolo Rivera
Batting: RHB Earnest Finnegan 0-0: Swinging Strike
0-1: Ball
1-1: Ball
2-1: Ball
3-1: Base on Balls
Batting: RHB Jesús Naút 0-0: Ball
1-0: SINGLE (Groundball, 56D)
Earnest Finnegan to second
Batting: RHB Kelly Jones 0-0: Sac Bunt - play at first, batter OUT! 2-3
Earnest Finnegan to third
Jesús Naút to second
Batting: RHB Fernando Gálvez 0-0: Foul Ball, location: 2F
0-1: Foul Ball, location: 2F
0-2: Ball
1-2: Ball
2-2: Ground out 6-3 (Groundball, 6)
Batting: LHB Mike Petersen 0-0: Called Strike
0-1: Ball
1-1: Called Strike
1-2: Ball
2-2: Ball
3-2: Base on Balls
Batting: RHB Brandon Pope 0-0: Fly out, F9 (Flyball, 89M)
Top of the 8th over - 0 run(s), 1 hit(s), 0 error(s), 3 left on base; Riverside 3 - Bismark 5
BOTTOM OF THE 8TH
Bismark Border Guards batting - Pitching for Riverside Red Bulls : RHP José López
Batting: SHB Vicente Pagán 0-0: Ball
1-0: Ball
2-0: Foul Ball, location: 2F
2-1: DOUBLE (Flyball, 9LM) - OUT at third base trying to stretch hit.
Batting: RHB Danny Spode 0-0: Foul Ball, location: 2F
0-1: Ball
1-1: Called Strike
1-2: Strikes out looking
Batting: RHB Enrico Rodríguez 0-0: Called Strike
0-1: Foul Ball, location: 2F
0-2: Strikes out swinging
Bottom of the 8th over - 0 run(s), 1 hit(s), 0 error(s), 0 left on base; Riverside 3 - Bismark 5
TOP OF THE 9TH
Riverside Red Bulls batting - Pitching for Bismark Border Guards : RHP Bartolo Rivera
Batting: RHB Tom Howe 0-0: Foul Ball, location: 2F
0-1: Ball
1-1: Ground out 6-3 (Groundball, 6)
Batting: RHB Kevin Brown 0-0: Ball
1-0: Fly out, F8 (Flyball, 89D)
Batting: LHB Paco Rivera 0-0: Called Strike
0-1: Fly out, F5 (Line Drive, 56S)
Top of the 9th over - 0 run(s), 0 hit(s), 0 error(s), 0 left on base; Riverside 3 - Bismark 5
Monday, December 5th, 2016 - OOTP Baseball 17.12 Build 75